 Dungeon Crawl Stone Soup version 0.23.2-1-ga50397a (webtiles) character file.

Game seed: 11473719835389380184

2393 kae the Transmogrifier (level 9, -8/64 HPs)
             Began as a Black Draconian Transmuter on May 27, 2019.
             Was a Follower of Wu Jian.
             Mangled by a vampire (13 damage)
             ... on level 9 of the Dungeon.
             The game lasted 00:06:56 (7659 turns).

kae the Transmogrifier (Black Draconian Transmuter) Turns: 7659, Time: 00:06:57

Health: -8/64      AC:  2    Str: 13    XL:     9   Next: 22%
Magic:  17/18      EV: 19    Int: 14    God:    Wu Jian [*.....]
Gold:   379        SH:  0    Dex: 19    Spells: 9/20 levels left

rFire    . . .     SeeInvis .     - Unarmed
rCold    . . .     Gourm    .   (shield currently unavailable)
rNeg     . . .     Faith    .   (armour unavailable)
rPois    x         Spirit   .   (helmet currently unavailable)
rElec    .         Reflect  .   (cloak currently unavailable)
rCorr    .         Harm     .   (gloves currently unavailable)
MR       .....                  (boots currently unavailable)
Stlth    ++........             (no amulet)
HPRegen  0.20/turn              (no ring)
MPRegen  0.16/turn              (no ring)

@: spider-form
A: tiny, (breathe lightning), unfitting armour, AC +7
a: End Transformation, Renounce Religion


You were on level 9 of the Dungeon.
You worshipped Wu Jian.
Wu Jian was aware of your devotion.
You were near starving.
You were a venomous arachnid creature.
You visited 1 branch of the dungeon, and saw 8 of its levels.

You collected 379 gold pieces.

Inventory:

Missiles
 a - 72 arrows
Scrolls
 b - a scroll of enchant weapon
 d - a scroll of amnesia
 h - 2 scrolls of blinking
 l - a scroll of teleportation
 p - a scroll of enchant armour
Potions
 e - 3 potions of might
 f - 4 potions of curing
 g - 2 potions of heal wounds {unknown}
 i - a potion of agility
 j - a potion of flight
 k - a potion of magic {unknown}
 m - 3 potions of mutation {unknown}
 n - a potion of brilliance {unknown}
 o - a potion of berserk rage {unknown}
 r - 2 potions of cancellation {unknown}
Comestibles
 c - 7 rations


   Skills:
 - Level 1.1 Fighting
 - Level 1.7 Dodging
 + Level 6.2 Unarmed Combat
 + Level 6.1 Spellcasting
 * Level 9.4 Transmutations


You had 9 spell levels left.
You knew the following spells:

 Your Spells              Type           Power        Failure   Level  Hunger
a - Beastly Appendage     Tmut           ####..       2%          1    None
b - Sticks to Snakes      Tmut           ####....     3%          2    #......
c - Spider Form           Tmut/Pois      ###.......   19%         3    ###....
d - Blade Hands           Tmut           ####......   22%         5    ######.

Your spell library contained the following spells:

 Spells                   Type           Power        Failure   Level  Hunger
 Ice Form                 Ice/Tmut       ###.....     43%         4    ####...


Dungeon Overview and Level Annotations

Branches:
Dungeon (7/15)             Temple (0/1) D:4

Altars:
Cheibriados
Dithmenos
Elyvilon
Gozag
Hepliaklqana
Okawaru
Sif Muna
Trog
Vehumet
Wu Jian
Yredelemnul
Zin

Shops:
D:6 %


Innate Abilities, Weirdness & Mutations

((You can breathe wild blasts of lightning.))
((Your glossy black scales are hard. (AC +7)))
You cannot fit into any form of body armour.
((You are resistant to electric shocks. (rElec)))
((You are cold-blooded and may be slowed by cold attacks.))


Message History

You see here an arrow.
You bump into the rock wall.
You feel less confused. Something hits you. Something bites you!
Something draws strength from your injuries!
You hit something. Something completely misses you. Something bites you.
Something draws strength from your injuries!
The centaur shoots an arrow.
You bite something!
The centaur shoots an arrow.
Unholy energy fills the air.
You hit something.
The centaur shoots an arrow.
Something barely misses you. Something completely misses you.
The centaur shoots an arrow.
You miss something. Something hits you.
* * * LOW HITPOINT WARNING * * *
Something bites you!
* * * LOW HITPOINT WARNING * * *
Something draws strength from your injuries!
The centaur shoots an arrow.
You hit something but do no damage.
The centaur shoots an arrow.
The arrow closely misses you. Something hits you!
You die...

### ## #.. .#
##.##.# .....#
###.####.#%.#
.........#..#
##.###.s{c.#
#.#....(..#
#.#.#.#...#
#.....##### ##+#
###.### ##...## #.#
##.....## #.###
##.......## #.#.##
#.........###....##


You could see a centaur.

Vanquished Creatures
  Pikel (D:6)
  The ghost of Sassenached the Insei, a novice DsSk (D:6)
  A hippogriff (D:6)
  Menkaure (D:5)
  Edmund (D:6)
  A water moccasin (D:5)
  An ice beast (D:5)
  A slave (D:6)
  A phantom (D:3)
  A centaur (D:6)
  3 bullfrogs (D:6)
  A howler monkey (D:5)
  A crimson imp (D:5)
  A jelly (D:6)
  3 hounds
  An orc priest (D:4)
  A bullfrog skeleton (D:6)
  2 iguanas (D:6)
  3 worker ants
  3 gnolls (D:5)
  6 adders
  A shadow imp (D:5)
  2 oozes
  An adder zombie (D:5)
  A worm (D:3)
  2 dart slugs
  5 leopard geckos
  8 orcs
  2 ball pythons
  3 bats (D:2)
  9 giant cockroaches
  6 hobgoblins
  2 jackals (D:2)
  5 quokkas (D:2)
  6 frilled lizards
  6 goblins
  2 jackal skeletons
  9 kobolds
  A quokka zombie (D:5)
  4 rats
  A spectral orc (D:5)
111 creatures vanquished.

Vanquished Creatures (collateral kills)
  2 adders (D:3)
  A worm (D:3)
3 creatures vanquished.

Vanquished Creatures (others)
  A quokka (D:5)
1 creature vanquished.

Grand Total: 115 creatures vanquished

Notes
Turn   | Place    | Note
-------+----------+-------------------------------------------
     0 | D:1      | kae the Draconian Transmuter began the quest for the Orb.
     0 | D:1      | Reached XP level 1. HP: 16/16 MP: 3/3
   338 | D:1      | Reached XP level 2. HP: 15/23 MP: 3/5
   702 | D:1      | Reached skill level 3 in Transmutations
  1037 | D:2      | Reached XP level 3. HP: 25/28 MP: 4/6
  1048 | D:2      | Learned a level 2 spell: Sticks to Snakes
  1072 | D:2      | Learned a level 3 spell: Spider Form
  1686 | D:2      | Found a faded altar of an unknown god.
  1826 | D:2      | Reached XP level 4. HP: 24/35 MP: 5/8
  2037 | D:2      | Found a radiant altar of Vehumet.
  2039 | D:2      | Found an iron altar of Okawaru.
  2042 | D:2      | Found an ornate altar of the Wu Jian Council.
  2045 | D:2      | Found a snail-covered altar of Cheibriados.
  2046 | D:2      | Found a shadowy altar of Dithmenos.
  2047 | D:2      | Found a hazy altar of Hepliaklqana.
  2055 | D:2      | Became a worshipper of the Wu Jian Council
  2214 | D:2      | Found a deep blue altar of Sif Muna.
  2657 | D:4      | Found an opulent altar of Gozag.
  2694 | D:4      | Reached skill level 4 in Transmutations
  2997 | D:4      | Found a staircase to the Ecumenical Temple.
  3225 | D:3      | Reached XP level 5. HP: 37/40 MP: 6/9
  3592 | D:3      | Noticed a phantom
  3633 | D:3      | Killed a phantom
  3633 | D:3      | Reached skill level 5 in Transmutations
  4269 | D:3      | Reached XP level 6. HP: 47/47 MP: 9/11
  4360 | D:5      | Entered Level 5 of the Dungeon
  4360 | D:5      | Noticed Menkaure
  4399 | D:5      | Found a bloodstained altar of Trog.
  4644 | D:5      | Noticed an ice beast
  4671 | D:5      | Killed an ice beast
  4679 | D:5      | Reached * piety under Wu Jian
  4805 | D:5      | Reached skill level 6 in Transmutations
  4827 | D:5      | Your scales start taking on a glossy black colour.
  4827 | D:5      | Reached XP level 7. HP: 39/52 MP: 9/13
  4827 | D:5      | Gained mutation: You are resistant to electric shocks.
                  | (rElec) [Black Draconian growth]
  4951 | D:5      | Found a basalt altar of Yredelemnul.
  5021 | D:5      | Found a white marble altar of Elyvilon.
  5411 | D:5      | Found an opulent altar of Gozag.
  5413 | D:5      | Found a glowing silver altar of Zin.
  5460 | D:5      | Killed Menkaure
  6049 | D:6      | Reached skill level 7 in Transmutations
  6202 | D:6      | Found Wiveg's Food Boutique.
  6447 | D:6      | Found a runed translucent gate.
  6452 | D:6      | Found a runed translucent gate.
  6453 | D:6      | Found a runed translucent gate.
  6466 | D:6      | Reached XP level 8. HP: 52/59 MP: 11/15
  6543 | D:6      | Noticed Edmund
  6555 | D:6      | Killed Edmund
  6555 | D:6      | Reached skill level 5 in Spellcasting
  6864 | D:6      | Reached skill level 5 in Unarmed Combat
  6934 | D:6      | Noticed a hippogriff
  6947 | D:6      | Reached skill level 8 in Transmutations
  6959 | D:6      | Killed a hippogriff
  7298 | D:6      | Noticed Pikel
  7311 | D:6      | Killed Pikel
  7311 | D:6      | Reached skill level 9 in Transmutations
  7311 | D:6      | Reached XP level 9. HP: 60/64 MP: 14/17
  7388 | D:6      | Noticed Sassenached's ghost (novice DsSk)
  7400 | D:6      | Learned a level 5 spell: Blade Hands
  7406 | D:6      | Killed Sassenached's ghost
  7604 | D:7      | You fall through a shaft for 2 floors!
  7659 | D:9      | Mangled by a vampire

Skill      XL: |  1  2  3  4  5  6  7  8  9 |
---------------+----------------------------+-----
Transmutations | 3 4 5 6 7 9 |  9.4
Spellcasting   | 3 4 5 6 |  6.1
Unarmed Combat | 4 5 6 |  6.2
Fighting       | |  1.1
Dodging        | |  1.7

Action                   |  1- 3 |  4- 6 |  7- 9 || total
-------------------------+-------+-------+-------++-------
Melee: Unarmed           |   172 |   192 |   140 ||   504
       Tailslap          |    14 |     8 |     2 ||    24
       Kick              |     3 |     9 |       ||    12
       Headbutt          |     8 |     1 |       ||     9
       Punch             |       |     1 |     2 ||     3
 Cast: Beastly Appendage |    16 |    10 |       ||    26
       Spider Form       |       |     9 |    17 ||    26
       Sticks to Snakes  |       |     3 |       ||     3
       Blade Hands       |       |       |     1 ||     1
Invok: Lunge             |       |    11 |    11 ||    22
 Abil: Breathe Lightning |       |       |     1 ||     1
  Use: Scroll            |     2 |    11 |     2 ||    15
       Potion            |       |     1 |       ||     1
 Stab: Sleeping          |     1 |     1 |       ||     2
  Eat: Chunk             |     3 |     4 |     6 ||    13
       Ration            |       |     2 |     1 ||     3
Armor: Skin              |    58 |    29 |     2 ||    89
Dodge: Dodged            |   110 |    99 |   102 ||   311
